 Dungeon Crawl Stone Soup version 0.29.1-1-gd02db6906a (webtiles) character file.

Game seed: 2841518586216537370

131269 groovy9 the Eclecticist (level 16, -3/100 HPs)
             Began as a Deep Elf Conjurer on Sept 25, 2022.
             Was a High Priest of Vehumet.
             Slain by a fenstrider witch (4 damage)
             ... on level 2 of the Swamp on Sept 26, 2022.
             The game lasted 02:21:54 (37824 turns).

groovy9 the Eclecticist (Deep Elf Conjurer)        Turns: 37824, Time: 02:21:54

Health: -3/100     AC: 15    Str:  8    XL:     16   Next: 54%
Magic:  41/48      EV: 12    Int: 31    God:    Vehumet [*****.]
Gold:   2281       SH:  6    Dex:  7    Spells: 13/50 levels left

rFire   + . .      SeeInvis .   a - staff of conjuration
rCold   + + .      Faith    .   S - +2 buckler {AC+3}
rNeg    + . .      Spirit   .   D - +3 troll leather armour {Snorg}
rPois   +          Reflect  .   g - +2 hat
rElec   .          Harm     .   t - +0 cloak
rCorr   .          Rampage  .   P - +0 pair of gloves of Compression {rF+}
Will    ++++.                   w - +0 pair of boots
Stlth   +.........              k - amulet of magic regeneration
HPRegen 1.06/turn               E - ring of magical power
MPRegen 0.71/turn               Q - ring of Inwin Xia {rPois rC+ rN+ Will+++ Dex-5}

@: invisible
A: horns 1, cold resistance 1, strong 1, MP-powered wands
a: Renounce Religion


You were on level 2 of the Swamp.
You worshipped Vehumet.
Vehumet was extremely pleased with you.
You visited 6 branches of the dungeon, and saw 26 of its levels.
You also visited: Sewer.

You collected 2440 gold pieces.
You spent 159 gold pieces at shops.

Inventory:

Hand Weapons
 b - the +9 short sword of Gudittyi {drain, rElec rN+}
   (You took it off an orc on level 4 of the Dungeon)

   A truly terrible weapon, it drains the life of any living foe it strikes.
   rElec:     It insulates you from electricity.
   rN:        It protects you from negative energy.
Missiles
 r - 3 curare-tipped darts
 B - a throwing net
Armour
 g - a +2 hat (worn)
 t - a +0 cloak (worn)
 w - a +0 pair of boots (worn)
 D - a +3 troll leather armour (worn) {Snorg}
 P - the +0 pair of gloves of Compression (worn) {rF+}
   (You found it on level 13 of the Dungeon)

   rF:        It protects you from fire.
 S - a +2 buckler of protection (worn)
Magical Staves
 a - a staff of conjuration (weapon)
Jewellery
 k - an amulet of magic regeneration (around neck)
 p - the ring "Xuir Ylu" {rElec EV+4}
   (You found it on level 12 of the Dungeon)

   [ring of evasion]

   EV:        It affects your evasion (+4).
   rElec:     It insulates you from electricity.
 x - a ring of see invisible
 E - a ring of magical power (left hand)
 Q - the ring of Inwin Xia (right hand) {rPois rC+ rN+ Will+++ Dex-5}
   (You acquired it on level 5 of the Lair of Beasts)

   [ring of poison resistance]

   Dex:       It affects your dexterity (-5).
   rC:        It protects you from cold.
   rPois:     It protects you from poison.
   rN:        It protects you from negative energy.
   Will:      It greatly increases your willpower.
 R - an amulet of reflection
 X - a ring of flight
Wands
 h - a wand of roots (16)
 l - a wand of acid (30)
 s - a wand of flame (46)
 u - a wand of digging (6)
 y - a wand of charming (10)
 A - a wand of polymorph (6)
 O - a wand of mindburst (7)
Scrolls
 d - 8 scrolls of teleportation
 e - a scroll of enchant armour
 o - a scroll of silence
 q - 2 scrolls of blinking
 v - 9 scrolls of immolation
 I - 5 scrolls of poison
 K - 2 scrolls of brand weapon
 N - 2 scrolls of magic mapping
 T - 10 scrolls of identify
 V - 2 scrolls of amnesia
 W - a scroll of summoning
Potions
 c - 2 potions of invisibility
 f - 4 potions of brilliance
 i - 5 potions of ambrosia
 j - 6 potions of flight
 n - 8 potions of curing
 F - 3 potions of resistance
 J - a potion of mutation
 M - 6 potions of attraction
Miscellaneous
 G - a condenser vane
 U - a tin of tremorstones (2/2)


   Skills:
 - Level 11.2 Fighting
 - Level 9.1 Dodging
 - Level 2.4 Stealth
 - Level 6.0 Shields
 + Level 17.8 Spellcasting
 + Level 13.4 Conjurations
 - Level 11.8 Summonings
 - Level 11.3 Translocations
 + Level 2.7 Fire Magic
 - Level 10.0 Evocations


You had 13 spell levels left.
You knew the following spells:

 Your Spells              Type           Power      Damage    Failure   Level
a - Magic Dart            Conj           100%       1d8       0%          1
b - Searing Ray           Conj           100%       2d8       0%          2
c - Iskenderun's Battles  Conj           100%       2d15      1%          5
d - Iskenderun's Mystic   Conj/Tloc      100%       2d19      1%          4
e - Dazzling Flash        Conj/Hex       100%       N/A       1%          3
f - Stone Arrow           Conj/Erth      100%       3d13      1%          3
g - Orb of Destruction    Conj           52%        9d13      2%          7
h - Fireball              Conj/Fire      43%        3d17      1%          5
i - Spellforged Servitor  Conj/Summ      51%        N/A       3%          7

Your spell library contained the following spells:

 Spells                   Type           Power      Damage    Failure   Level
 Iron Shot                Conj/Erth      40%        9d8       7%          6
 Apportation              Tloc           100%       N/A       1%          1
 Foxfire                  Conj/Fire      100%       2x1d9     1%          1
 Sandblast                Erth           54%        2d13      1%          1
 Shock                    Conj/Air       100%       1d9       1%          1
 Summon Small Mammal      Summ           100%       N/A       1%          1
 Blink                    Tloc           100%       N/A       1%          2
 Scorch                   Fire           88%        2d9       1%          2
 Static Discharge         Conj/Air       81%        3-14/arc  1%          2
 Call Canine Familiar     Summ           79%        N/A       1%          3
 Conjure Flame            Conj/Fire      86%        6-21      1%          3
 Ignite Poison            Fire/Tmut/Pois 33%        N/A       1%          3
 Inner Flame              Hex/Fire       36%        N/A       1%          3
 Lesser Beckoning         Tloc           78%        N/A       1%          3
 Portal Projectile        Hex/Tloc       100%       N/A       1%          3
 Summon Guardian Golem    Hex/Summ       59%        N/A       1%          3
 Flame Wave               Conj/Fire      86%        2d18      1%          4
 Fulminant Prism          Conj/Hex       40%        3d20      1%          4
 Passage of Golubria      Tloc           78%        N/A       1%          4
 Irradiate                Conj/Tmut      40%        3d25      1%          5
 Lightning Bolt           Conj/Air       40%        1d59      1%          5
 Manifold Assault         Tloc           78%        N/A       1%          5
 Summon Forest            Summ/Tloc      39%        N/A       1%          5
 Beastly Appendage        Tmut           54%        N/A       2%          1
 Necrotise                Necr           100%       1d9       2%          1
 Slow                     Hex            100%       N/A       2%          1
 Sting                    Tmut/Pois      100%       1d8       2%          1
 Animate Armour           Summ/Erth      100%       N/A       2%          4
 Summon Ice Beast         Ice/Summ       59%        N/A       2%          4
 Summon Cactus Giant      Summ           39%        N/A       3%          6
 Passwall                 Tmut/Erth      22%        N/A       4%          2
 Wereblood                Tmut           27%        N/A       4%          2
 Starburst                Conj/Fire      43%        6d12      4%          6
 Airstrike                Air            13%        2d(2-18)  7%          4
 Summon Mana Viper        Hex/Summ       59%        N/A       7%          5
 Conjure Ball Lightning   Conj/Air       40%        3x3d13    7%          6
 Confusing Touch          Hex            27%        N/A       9%          3
 Ozocubu's Armour         Ice            27%        N/A       9%          3
 Swiftness                Air            27%        N/A       9%          3
 Tukima's Dance           Hex            27%        N/A       9%          3
 Vampiric Draining        Necr           27%        2d7       9%          3
 Monstrous Menagerie      Summ           39%        N/A       17%         7
 Yara's Violent Unravell  Hex/Tmut       13%        3d7       19%         5
 Anguish                  Hex/Necr       13%        N/A       26%         4
 Leda's Liquefaction      Hex/Erth       13%        N/A       26%         4
 Petrify                  Tmut/Erth      27%        N/A       26%         4
 Silence                  Hex/Air        13%        N/A       58%         5
 Eringya's Noxious Bog    Tmut/Pois      13%        N/A       67%         6
 Lehudib's Crystal Spear  Conj/Erth      40%        10d10     93%         8
 Statue Form              Tmut/Erth      18%        N/A       99%         6
 Ozocubu's Refrigeration  Ice            13%        4d10      99%         7
 Enfeeble                 Hex            13%        N/A       100%        7
 Storm Form               Tmut/Air       13%        N/A       100%        7
 Ignition                 Fire           22%        3d8       100%        8
 Maxwell's Capacitive Co  Air            13%        ∞         100%        8


Dungeon Overview and Level Annotations

Branches:
Dungeon (15/15)            Temple (1/1) D:4            Lair (5/5) D:11
  Swamp (2/4) Lair:3       Spider (1/4) Lair:2        Slime (0/5) Lair:5
    Orc (2/2) D:12            Elf (0/3) Orc:2        Vaults (0/5) D:14
 Depths (0/4) D:15          Sewer (visited)

Altars:
Ashenzari
Cheibriados
Dithmenos
Elyvilon
Fedhas
Gozag
Hepliaklqana
Kikubaaqudgha
Makhleb
Nemelex Xobeh
Okawaru
Qazlal
Ru
Sif Muna
Trog
Uskayaw
Vehumet
Wu Jian
Xom
Yredelemnul
Zin
The Shining One
Jiyva

Shops:
D:2 [   Orc:1 *   Orc:2 ?[*(

Annotations:
Swamp:2 1 transporter, exclusion: obsidian statue


Innate Abilities, Weirdness & Mutations

You have a pair of small horns on your head.
Your flesh is cold resistant. (rC+)
Your muscles are strong. (Str +4, Int/Dex -1)
You expend magic power (3 MP) to strengthen your wands.


Message History

The mystic blast hits the obsidian statue but does no damage.
The mystic blast hits the shambling mangrove!
The shambling mangrove is lightly damaged.
The mystic blast hits the fenstrider witch!!
The fenstrider witch is moderately wounded.
The mystic blast hits the ghoul!!
The ghoul is moderately damaged.
The ghoul is knocked back by the mystic blast.
The ghoul slams into the rock wall!
The ghoul is moderately damaged.
The mystic blast hits the ghoul!!
The ghoul is lightly damaged.
The ghoul is knocked back by the mystic blast.
The ghoul slams into the translucent stone wall!
The ghoul is moderately damaged.
The mystic blast hits the spriggan air mage!
The spriggan air mage is lightly wounded.
The spriggan air mage is knocked back by the mystic blast.
The spriggan air mage collides with the obsidian statue!
The obsidian statue is lightly damaged.
The spriggan air mage is heavily wounded.
The mystic blast hits the sixfirhy!!
The sixfirhy is severely wounded.
The sixfirhy is knocked back by the mystic blast.
The sixfirhy slams into the translucent stone wall!
You kill the sixfirhy!
The sixfirhy disappears in a puff of smoke!
The mystic blast hits the rust devil!!
The rust devil is heavily wounded.
The rust devil is knocked back by the mystic blast.
The rust devil slams into the rock wall!
The rust devil is severely wounded.
Your battlesphere fires!
The barrage of energy hits the rust devil!
You kill the rust devil!
The rust devil disappears in a puff of smoke!
The fenstrider witch hits you!
* * * LOW HITPOINT WARNING * * *
The fenstrider witch kicks you.
You die...

♣~~§.~..~~~.~♣♣♣.>.....♣♣~§~♣
♣.~~~~~.~)).~♣♣♣..§♣♣♣♣♣♣.~.♣
♣~.~~~~..~.............♣♣♣♣♣♣
♣♣...~~§.♣♣...#########..♣ ♣♣
♣~~~....~♣♣♣.##.......##.♣♣♣ ♣♣.
♣~~~.♣♣.§♣ ♣.#8.#...#.8#.♣~♣♣ ♣~.
~.~.♣♣♣♣♣♣♣♣.#..n#.#.$)#.~~§♣♣♣♣~
....♣ ♣♣...#.f..H..[}#..~♣.♣.♣♣
....♣♣♣♣♣(..©#.H@i8..$©#©.......~
[..♣♣..♣♣.~..#..*.H.X=|#..~......
~~.♣♣♣..♣..~.#n.§#.#.$:#....~.~..
♣~.♣♣~§~...~.#8.#...#.8#...~.~♣♣♣
♣♣♣♣..~~..~..##.....§.##...~~♣♣ ♣
≈♣♣~~~...~♣♣..#########...~..~♣♣♣
≈♣♣.~~~~..~.♣.............~...~♣♣
♣♣≈~.~~~..~~.♣♣♣♣♣♣♣♣♣♣♣.....~♣♣♣
♣♣♣~..~~...§~♣ ♣♣...♣♣♣♣.


You could see 2 ghouls, a tentacled monstrosity, a shambling mangrove (unable to
see you), an obsidian statue, 3 fenstrider witches, a spriggan air mage (repels
missiles) and a friendly battlesphere.

Vanquished Creatures
  Jorgrun (Swamp:2)
  Rupert (D:14)
  Roxanne (Spider:1)
  Donald (Swamp:2)
  The ghost of mrzisme the Fencer, a journeyman DsAK (D:12)
  A stone giant (D:15)
  2 eleionomae
  2 bunyips
  2 entropy weavers (Spider:1)
  Snorg (Lair:5)
  The ghost of RascalDebosk the Nimble, a journeyman MfIE of Sif Muna (D:15)
  2 fire dragons
  5 vault guards (D:14)
  6 hydras
  7 boulder beetles
  4 centaur warriors
  A catoblepas (D:12)
  A death knight (D:14)
  2 two-headed ogres (D:8)
  A radroach (Lair:2)
  2 tengu warriors (D:15)
  Nergalle (Lair:3)
  A sun moth (Spider:1)
  A pharaoh ant (Spider:1)
  A spriggan druid (Swamp:1)
  A goliath frog (Swamp:2)
  4 swamp dragons
  3 steelbarb worms
  A wizard (D:14)
  3 bog bodies
  An orb spider (Spider:1)
  A phantasmal warrior (D:14)
  2 wolf spiders (Spider:1)
  A deep elf archer (D:14)
  2 deep elf pyromancers (D:14)
  An orc knight (Orc:2)
  8 cyclopes
  6 ugly things
  4 orc sorcerers
  A harpy (D:12)
  A will-o-the-wisp (Swamp:1)
  4 oklob plants
  4 manticores
  12 elephants
  2 moths of wrath
  Maurice (D:8)
  3 black mambas
  4 torpor snails
  2 gargoyles
  10 komodo dragons
  16 cane toads
  2 kobold demonologists
  2 demonic crawlers (Spider:1)
  Psyche (D:8)
  A yaktaur (D:14)
  2 freezing wraiths (D:14)
  An unseen horror (D:8)
  An efreet (D:15)
  A queen bee (shapeshifter) (D:15)
  2 tyrant leeches
  5 trolls
  3 polar bears
  The ghost of shadownightmare the Trooper, an amateur DsAK of Lugonu (D:4)
  2 hornets (Swamp:2)
  21 blink frogs
  7 tarantellas (Spider:1)
  9 slime creatures
  5 jumping spiders (Spider:1)
  2 spriggans (Swamp:2)
  3 basilisks
  2 shadows (D:12)
  55 yaks
  3 culicivoras (Spider:1)
  A human (D:14)
  7 wyverns
  18 vampire mosquitoes
  14 redbacks (Spider:1)
  6 steam dragons
  4 wraiths
  8 swamp worms
  A warg (Orc:2)
  2 acid dragons
  21 water moccasins
  2 ice beasts (D:8)
  34 orc warriors
  A sky beast (D:8)
  8 swamp drakes
  3 black bears
  22 centaurs
  3 wolves (Lair:3)
  8 ogres
  3 phantoms
  6 kobold brigands
  11 bullfrogs
  3 necrophages
  3 gnoll sergeants
  A scorpion (D:7)
  A hornet simulacrum (D:14)
  A troll zombie (D:12)
  16 killer bees
  An electric eel (Lair:1)
  3 howler monkeys
  4 gnoll boudas
  5 jellies
  Crazy Yiuf (D:6)
  2 hounds
  13 orc priests
  4 iguanas
  24 orc wizards
  5 ogre zombies (D:12)
  29 gnolls
  7 river rats
  8 adders
  12 white imps
  An ufetubus (D:6)
  2 worms
  A dart slug (D:5)
  64 orcs
  11 ball pythons
  4 bats
  12 endoplasms
  5 giant cockroaches
  9 goblins
  5 hobgoblins
  2 jackals (D:4)
  15 kobolds
  4 quokkas
  2 frilled lizards
  2 goblin skeletons (D:12)
  A goblin zombie (D:12)
  6 orc skeletons (D:12)
  9 orc zombies (D:12)
  10 rats
769 creatures vanquished.

Vanquished Creatures (others)
  An iguana (Lair:5)
  3 white imps (Lair:5)
  22 fungi
  41 plants
67 creatures vanquished.

Grand Total: 836 creatures vanquished

Notes
Turn   | Place    | Note
-------+----------+-------------------------------------------
     0 | D:1      | groovy9 the Deep Elf Conjurer began the quest for the Orb.
     0 | D:1      | Reached XP level 1. HP: 10/10 MP: 6/6
   337 | D:1      | Reached skill level 4 in Spellcasting
   337 | D:1      | Reached XP level 2. HP: 15/15 MP: 6/9
   340 | D:1      | Learned a level 2 spell: Searing Ray
   833 | D:1      | Reached skill level 5 in Spellcasting
   833 | D:1      | Reached XP level 3. HP: 19/19 MP: 6/11
  1375 | D:2      | Found Siceujuj's Antique Armour Shop.
  1436 | D:2      | Found a faded altar of an unknown god.
  2138 | D:3      | Reached XP level 4. HP: 24/24 MP: 11/13
  2197 | D:3      | Reached skill level 6 in Spellcasting
  2690 | D:3      | Found a sacrificial altar of Ru.
  3204 | D:4      | Found a staircase to the Ecumenical Temple.
  3211 | Temple   | Entered the Ecumenical Temple
  3419 | D:4      | Noticed an orc warrior
  3420 | D:4      | Found a runed translucent gate.
  3421 | D:4      | Found a runed translucent gate.
  3422 | D:4      | Found a runed translucent gate.
  3422 | D:4      | Identified the +9 short sword of Gudittyi {drain, rElec
                  | rN+}
  3429 | D:4      | Noticed shadownightmare's ghost (amateur DsAK)
  3506 | D:4      | Reached skill level 7 in Spellcasting
  3506 | D:4      | Reached XP level 5. HP: 28/28 MP: 2/16
  3607 | D:4      | You fall into a shaft and drop 2 floors!
  3651 | D:6      | Reached skill level 8 in Spellcasting
  3832 | D:6      | Identified a scroll of acquirement
  3832 | D:6      | Acquired a book of the Spheres
  3840 | D:6      | Learned a level 5 spell: Iskenderun's Battlesphere
  3867 | D:6      | Noticed a black bear
  3874 | D:6      | Killed a black bear
  3875 | D:6      | Reached XP level 6. HP: 24/32 MP: 6/19
  3974 | D:6      | Learned a level 4 spell: Iskenderun's Mystic Blast
  4131 | D:6      | Reached skill level 1 in Translocations
  4151 | D:6      | Reached skill level 5 in Conjurations
  4316 | D:5      | Entered Level 5 of the Dungeon
  4339 | D:5      | Reached XP level 7. HP: 36/36 MP: 9/21
  4623 | D:5      | Found a glowing drain.
  4671 | Sewer    | Entered a sewer
  4904 | Sewer    | Found a white marble altar of Elyvilon.
  5312 | D:4      | Found a hazy altar of Hepliaklqana.
  5313 | D:4      | Found a faded altar of an unknown god.
  5318 | D:4      | Reached skill level 5 in Translocations
  5624 | D:4      | Killed shadownightmare's ghost
  5625 | D:4      | Reached XP level 8. HP: 41/41 MP: 0/22
  6245 | D:6      | Found a runed translucent door.
  6246 | D:6      | Noticed Crazy Yiuf
  6299 | D:6      | Killed Crazy Yiuf
  7089 | D:7      | Reached skill level 9 in Spellcasting
  7585 | D:8      | Gained mutation: You are weak. (Str -2) [potion of
                  | mutation]
  7585 | D:8      | Gained mutation: You passively map a small area around you.
                  | [potion of mutation]
  7589 | D:8      | Found a glowing silver altar of Zin.
  7689 | D:8      | Reached XP level 9. HP: 37/45 MP: 5/24
  7689 | D:8      | Noticed a two-headed ogre
  8202 | D:8      | Reached skill level 10 in Spellcasting
  8852 | D:8      | Found a basalt altar of Yredelemnul.
  8859 | D:8      | Found a broken altar of Ashenzari.
  8919 | D:8      | Killed a two-headed ogre
  8920 | D:8      | Reached skill level 11 in Spellcasting
  8929 | D:8      | Noticed Maurice
  8932 | D:8      | Killed Maurice
  8933 | D:8      | Reached XP level 10. HP: 50/50 MP: 8/27
  9416 | D:8      | Reached skill level 10 in Translocations
  9551 | D:8      | Noticed Psyche
  9563 | D:8      | Killed Psyche
 10091 | D:8      | Noticed a two-headed ogre
 10100 | D:8      | Killed a two-headed ogre
 10101 | D:8      | Reached skill level 12 in Spellcasting
 10101 | D:8      | Reached skill level 10 in Conjurations
 10314 | D:8      | Noticed a cyan ugly thing
 10317 | D:8      | Noticed a centaur warrior
 10323 | D:8      | Killed a cyan ugly thing
 10324 | D:8      | Killed a centaur warrior
 10326 | D:8      | Noticed a gargoyle
 10538 | D:8      | Killed a gargoyle
 10660 | D:8      | Noticed a boulder beetle
 11049 | D:8      | Got the Compendium of Bewitching Transfiguration
 11322 | D:9      | Reached skill level 13 in Spellcasting
 11556 | D:9      | Reached XP level 11. HP: 54/54 MP: 20/30
 11755 | D:9      | Reached skill level 1 in Fighting
 12828 | D:8      | Killed a boulder beetle
 13490 | D:9      | Acquired a staff of conjuration
 13497 | D:9      | Learned a level 3 spell: Dazzling Flash
 13526 | D:10     | Entered Level 10 of the Dungeon
 13937 | D:10     | Found an ancient bone altar of Kikubaaqudgha.
 13942 | D:10     | Found a shimmering blue altar of Sif Muna.
 13944 | D:10     | Found a radiant altar of Vehumet.
 13950 | D:10     | Became a worshipper of Vehumet
 13952 | D:10     | Got Vehumet's Vellum of Outbursts
 14112 | D:10     | Reached skill level 5 in Fighting
 14673 | D:11     | Noticed a boulder beetle
 14678 | D:11     | Killed a boulder beetle
 14688 | D:11     | Noticed a seven-headed hydra
 14697 | D:11     | Killed a seven-headed hydra
 15120 | D:11     | Reached * piety under Vehumet
 15120 | D:11     | Offered knowledge of Sandblast by Vehumet.
 15271 | D:10     | Lost mutation: You passively map a small area around you.
                  | [potion of mutation]
 15271 | D:10     | Lost mutation: You are weak. (Str -2) [potion of mutation]
 15271 | D:10     | Gained mutation: You have a pair of small horns on your
                  | head. [potion of mutation]
 15271 | D:10     | Gained mutation: Your muscles are strong. (Str +4, Int/Dex
                  | -1) [potion of mutation]
 15271 | D:10     | Gained mutation: You expend magic power (3 MP) to
                  | strengthen your wands. [potion of mutation]
 15271 | D:10     | Gained mutation: Your flesh is cold resistant. (rC+)
                  | [potion of mutation]
 15441 | D:11     | Reached XP level 12. HP: 75/75 MP: 22/31
 15579 | D:11     | Noticed a boulder beetle
 15587 | D:11     | Killed a boulder beetle
 15868 | D:11     | Found a staircase to the Lair.
 16357 | Lair:1   | Entered Level 1 of the Lair of Beasts
 16835 | Lair:1   | Got Sif Muna's Tractate on Scorching Pollution
 16925 | Lair:1   | Reached skill level 10 in Fighting
 17860 | Lair:1   | Offered knowledge of Foxfire by Vehumet.
 18098 | Lair:1   | Reached ** piety under Vehumet
 18272 | Lair:1   | Identified the +6 war axe "Iweozuk" {antimagic, rElec
                  | Dex+4}
 18277 | Lair:1   | Learned a level 3 spell: Stone Arrow
 19262 | Lair:2   | Reached skill level 1 in Shields
 19618 | Lair:2   | Offered knowledge of Conjure Flame by Vehumet.
 19619 | Lair:2   | Reached skill level 5 in Dodging
 19691 | Lair:2   | Reached XP level 13. HP: 84/84 MP: 20/32
 19813 | Lair:2   | Reached *** piety under Vehumet
 19957 | Lair:2   | Reached skill level 15 in Spellcasting
 19957 | Lair:2   | Reached XP level 14. HP: 90/90 MP: 32/35
 19971 | Lair:2   | Found a hole to the Spider Nest.
 21231 | Lair:3   | Noticed Nergalle
 21237 | Lair:3   | Killed Nergalle
 21713 | Lair:3   | Offered knowledge of Frozen Ramparts by Vehumet.
 21714 | Lair:3   | Reached skill level 5 in Shields
 21772 | Lair:3   | Learned a level 7 spell: Orb of Destruction
 22082 | Lair:3   | Found a staircase to the Swamp.
 22444 | Lair:4   | Got Fokhaptiun's Codex of the Voyage
 22451 | Lair:4   | Learned a level 5 spell: Fireball
 22485 | Lair:4   | Reached skill level 1 in Fire Magic
 23141 | Lair:4   | Reached **** piety under Vehumet
 23146 | Lair:4   | Offered knowledge of Inner Flame by Vehumet.
 23160 | Lair:4   | Learned a level 7 spell: Spellforged Servitor
 23599 | Lair:5   | Entered Level 5 of the Lair of Beasts
 23604 | Lair:5   | Reached skill level 1 in Summonings
 23786 | Lair:5   | Found a staircase to the Slime Pits.
 23787 | Lair:5   | Found a viscous altar of Jiyva.
 24099 | Lair:5   | Reached skill level 5 in Summonings
 24357 | Lair:5   | Noticed Snorg
 24363 | Lair:5   | Killed Snorg
 24850 | Lair:5   | Reached ***** piety under Vehumet
 24856 | Lair:5   | Offered knowledge of Sticky Flame by Vehumet.
 25290 | Lair:5   | Reached XP level 15. HP: 59/95 MP: 4/36
 25854 | Lair:5   | Acquired the ring of Inwin Xia {rPois rC+ rN+ Will+++
                  | Dex-5}
 26013 | D:12     | Got the Codex of Unstable Spellbinding
 26032 | D:12     | Reached skill level 1 in Evocations
 26214 | D:12     | Found a shimmering blue altar of Sif Muna.
 26218 | D:12     | Noticed mrzisme's ghost (journeyman DsAK)
 26232 | D:12     | Found a transporter.
 26346 | D:12     | Found a transporter.
 26920 | D:12     | Found a staircase to the Orcish Mines.
 27447 | D:12     | Reached skill level 5 in Evocations
 27457 | D:12     | Killed mrzisme's ghost
 27460 | D:12     | Identified the ring "Xuir Ylu" {rElec EV+4}
 27663 | Orc:1    | Entered Level 1 of the Orcish Mines
 27768 | Orc:1    | Found Wapuvek's Assorted Antiques.
 27776 | Orc:1    | Bought a scroll of teleportation for 75 gold pieces
 27908 | Orc:2    | Entered Level 2 of the Orcish Mines
 27912 | Orc:2    | Offered knowledge of Olgreb's Toxic Radiance by Vehumet.
 28246 | Orc:2    | Found a staircase to the Elven Halls.
 29438 | Orc:2    | Found Tust's General Store.
 29438 | Orc:2    | Found Heyw's Antique Armour Boutique.
 29440 | Orc:2    | Found Zuasm's Magic Scroll Shop.
 29442 | Orc:2    | Found Kuriosh's Weapon Shoppe.
 29449 | Orc:2    | Bought a scroll of teleportation for 42 gold pieces
 29449 | Orc:2    | Bought a scroll of teleportation for 42 gold pieces
 30160 | Swamp:1  | Entered Level 1 of the Swamp
 30564 | Swamp:1  | Offered knowledge of Iron Shot by Vehumet.
 30838 | Swamp:2  | Noticed Donald
 31216 | Swamp:2  | Reached skill level 10 in Evocations
 31324 | Swamp:2  | Noticed a fenstrider witch
 31324 | Swamp:2  | Noticed a tentacled monstrosity
 31324 | Swamp:2  | Noticed a fenstrider witch
 31325 | Swamp:2  | Found a transporter.
 31325 | Swamp:2  | Noticed a fenstrider witch
 31393 | Swamp:2  | Found a transporter.
 31733 | Swamp:2  | Killed Donald
 32343 | Spider:1 | Entered Level 1 of the Spider Nest
 32343 | Spider:1 | Identified Roxanne's Secrets of Transmogrification
 32343 | Spider:1 | Noticed Roxanne
 32361 | Lair:2   | Reached skill level 16 in Spellcasting
 32716 | Spider:1 | Reached skill level 10 in Summonings
 33452 | Spider:1 | Reached XP level 16. HP: 100/100 MP: 6/38
 33865 | Spider:1 | Killed Roxanne
 34168 | D:13     | Identified the +0 pair of gloves of Compression {rF+}
 34448 | D:13     | Found a sparkling altar of Nemelex Xobeh.
 35341 | D:14     | Reached skill level 17 in Spellcasting
 35405 | D:14     | Noticed Rupert
 35414 | D:14     | Killed Rupert
 36078 | D:14     | Found an ornate altar of the Wu Jian Council.
 36463 | D:14     | Found a gate to the Vaults.
 36591 | D:14     | Found an ancient bone altar of Kikubaaqudgha.
 36745 | D:15     | Entered Level 15 of the Dungeon
 36905 | D:15     | Found a broken altar of Ashenzari.
 36920 | D:15     | Found a runed translucent door.
 36921 | D:15     | Noticed RascalDebosk's ghost (journeyman MfIE)
 37135 | D:15     | Found a staircase to the Depths.
 37418 | D:15     | Killed RascalDebosk's ghost
 37426 | D:15     | Identified the +12 sling "Wahatzok" {freeze, *Slow rElec
                  | Int+4}
 37762 | Swamp:2  | Noticed Jorgrun
 37767 | Swamp:2  | Killed Jorgrun
 37824 | Swamp:2  | HP: 1/100 [fenstrider witch (9)]
 37824 | Swamp:2  | Slain by a fenstrider witch

Illustrated notes

Levels and vault maps discovered:
D:1:      spicycebolla_arrival_xxxplode, layout_basic
D:2:      layout_loops_ring, serial_shops, shop,
          ebering_ecumenical_altar_abandoned
D:3:      layout_loops_ring, nicolae_ru_sacrificial_ziggurat
D:4:      layout_loops_ring, beargit_hepliaklqana_dungeon_heroes,
          minmay_temple_entry_crystal_x, biasface_ghost_orc_armoury
D:5:      layout_basic, portal_sewer_entry_e
D:6:      layout_gridville, uniq_crazy_yiuf_cottage
D:7:      layout_gridville, grunt_ministairs_14
D:8:      minmay_the_grid_octo_tiled_octocenter
          [minmay_the_grid_octo_thin_diamonds, minmay_the_grid_octo_checkered,
          minmay_the_grid_octo_horde, minmay_the_grid_octo_fan_narrow,
          minmay_the_grid_octo_prize_big_c, minmay_the_grid_square_5x5_v,
          minmay_the_grid_square_5x5_half_checkered,
          minmay_the_grid_square_5x5_longway,
          minmay_the_grid_square_5x5_inner_z], layout_gridville,
          grunt_temple_overflow_open, uniq_psyche, uniq_maurice
D:9:      layout_gridville
D:10:     layout_cave_pools, grunt_temple_overflow_magic_moments
D:11:     layout_roguey, minmay_lair_entry_grove, kennysheep_opposing_triangles
D:12:     layout_stronghold, zombieorc1_lemuel,
          gammafunk_ghost_berserking_beasts, nicolae_sif_muna_condensation
D:13:     layout_gridville, nemelex_lonely_heart_becter
D:14:     layout_irregular_city, grunt_vaults_entry_fortified,
          gauntlet_entry_generic, lemuel_tele_altar,
          nicolae_kikubaaqudgha_miasma_corner, uniq_rupert
D:15:     grunt_enter_depths_snipers, layout_rooms,
          ebering_ghost_reflecting_pool, ashenzari_conservatory_becter
Temple:   nicolae_temple_superstar
Lair:1:   minmay_lair_oklob_chamber, layout_hall_layers, serial_bayou_shore_a,
          grunt_megastairs_5
Lair:2:   layout_small_grid, dummy_spider_entry, pond, lemuel_fruit_fields,
          infiniplex_staircase_pool_2
Lair:3:   layout_big_grid, skrybe_swamp_entry_bodies, uniq_nergalle
Lair:4:   layout_regular_city, serial_rivers, chequers_serial_rivers_small_3,
          chequers_serial_rivers_marsh, chequers_serial_rivers_micro_d,
          chequers_serial_rivers_small_3, chequers_serial_rivers_micro_c,
          small_statue_intersection, serial_bayou_shore_b
Lair:5:   guppyfry_lair_end_dragon, layout_hall_layers,
          nicolae_slime_entry_slimehenge, portal_ice_cave_entry_imps, uniq_snorg
Swamp:1:  layout_basic_swamp, evilmike_swamp_ruin_house_5, swamp_pool5
Swamp:2:  gammafunk_sealed_arena, layout_basic_swamp, hangedman_swamp_cone,
          swamp_pool4, uniq_donald, uniq_jorgrun
Spider:1: layout_spider_delve, hangedman_spider_tarantella_strand, uniq_roxanne
Orc:1:    layout_diamond_mine, serial_shops, shop,
          nicolae_volcano_entry_lava_flow
Orc:2:    st_orc_rangers, layout_caves

Skill      XL: |  1  2  3  4  5  6  7  8  9 10 11 12 13 14 15 16 |
---------------+-------------------------------------------------+-----
Spellcasting   | 4 5 7 8 9 11 13 15 16 17 | 17.8
Translocations | 2 6 8 9 11 | 11.3
Conjurations   | 5 6 7 9 11 12 13 | 13.4
Fighting       | 8 11 | 11.2
Dodging        | 5 9 |  9.1
Shields        | 3 6 |  6.0
Fire Magic     | 2 |  2.7
Summonings     | 9 10 11 | 11.8
Evocations     | 10 | 10.0
Stealth        | |  2.4

Action                   |  1- 3 |  4- 6 |  7- 9 | 10-12 | 13-15 | 16-18 || total
-------------------------+-------+-------+-------+-------+-------+-------++-------
Melee: Dagger            |       |       |     3 |       |       |       ||     3
       Staff             |       |       |       |     3 |     5 |     2 ||    10
       Headbutt          |       |       |       |       |     1 |     1 ||     2
 Cast: Magic Dart        |    65 |    49 |    69 |   216 |   369 |    28 ||   796
       Searing Ray       |     2 |    31 |    63 |    75 |    50 |    16 ||   237
       Iskenderun's Myst |       |     1 |    20 |    50 |    68 |    21 ||   160
       Iskenderun's Batt |       |       |     3 |    66 |   142 |    38 ||   249
       Stone Arrow       |       |       |       |    29 |   230 |    87 ||   346
       Orb of Destructio |       |       |       |       |     1 |       ||     1
Evoke: Wand              |       |       |       |     5 |       |       ||     5
  Use: Scroll            |     5 |     9 |     4 |     8 |    11 |       ||    37
       Potion            |       |     2 |     3 |     8 |     8 |     5 ||    26
Armor: Robe              |     1 |     4 |     5 |     9 |    10 |       ||    29
       Skin              |       |     5 |     8 |       |       |       ||    13
       Troll leather arm |       |       |       |       |    53 |    13 ||    66
Dodge: Dodged            |     2 |    18 |    35 |    66 |   148 |    17 ||   286
Block: Buckler           |       |       |       |     8 |    68 |    10 ||    86
       Reflection        |       |       |       |       |       |     2 ||     2
